 Dungeon Crawl Stone Soup version 0.22-a0-266-g5fdf0d7 (webtiles) character file.

6 mhoghedin the Charlatan (level 1, 0/9 HPs)
             Began as a Spriggan Artificer on Mar 8, 2018.
             Slain by a jackal (1 damage)
             ... on level 1 of the Dungeon.
             The game lasted 00:00:29 (98 turns).

mhoghedin the Charlatan (Spriggan Artificer)          Turns: 98, Time: 00:00:30

Health: 0/9        AC:  2    Str:  8    XL:     1   Next: 75%
Magic:  4/4        EV: 18    Int: 12    God:
Gold:   0          SH:  0    Dex: 16    Spells: 0/0 levels left

rFire    . . .     SeeInvis +   a - +0 short sword
rCold    . . .     Gourm    .   (shield restricted)
rNeg     . . .     Faith    .   b - +0 robe
rPois    .         Spirit   .   (helmet restricted)
rElec    .         Reflect  .   (no cloak)
rCorr    .         Harm     .   (gloves unavailable)
MR       .....                  (boots unavailable)
Stlth    ++........             (no amulet)
HPRegen  0.03/turn              (no ring)
MPRegen  0.09/turn              (no ring)

@: very quick
A: very small, unfitting armour, see invisible, herbivore, speed 3, slow
metabolism 2
a: no special abilities


You were on level 1 of the Dungeon.
You were not hungry.

You visited 1 branch of the dungeon, and saw 1 of its levels.

Inventory:

Hand Weapons
 a - a +0 short sword (weapon)
Armour
 b - a +0 robe (worn)
Wands
 c - a wand of flame (15)
 d - a wand of enslavement (15)
 e - a wand of random effects (15)
Comestibles
 f - a ration


   Skills:
 - Level 0.7 Fighting
 + Level 1.6 Short Blades
 - Level 3.0 Dodging
 + Level 2.3 Stealth
 - Level 4.0 Evocations


You couldn't memorise any spells.
You didn't know any spells.

Dungeon Overview and Level Annotations

Branches:
Dungeon (1/15)

Altars:


Innate Abilities, Weirdness & Mutations

You are very small and have problems with some larger weapons.
You are too small for most types of armour.
You have supernaturally acute eyesight. (SInv)
You are a herbivore.
You cover ground extremely quickly.
You need to consume almost no food.


Message History

Welcome, mhoghedin the Spriggan Artificer.
The bosom of this dungeon contains the fabled artefact, the Orb of Zot.
Found a staircase leading out of the dungeon.
Found a pair of glowing boots.
You see here a ring mail.
A leopard gecko comes into view.
The helpless leopard gecko fails to defend itself.
You hit the leopard gecko.
You kill the leopard gecko!
You see here a leopard gecko corpse.
A hobgoblin comes into view.
A hobgoblin is nearby!
A giant cockroach comes into view.
The hobgoblin shouts!
The hobgoblin misses you.
You closely miss the hobgoblin. The hobgoblin barely misses you.
You hit the giant cockroach.
The giant cockroach bites you but does no damage.
The hobgoblin closely misses you.
You barely miss the giant cockroach. The giant cockroach barely misses you.
The hobgoblin barely misses you. The giant cockroach misses you.
You hit the giant cockroach.
You kill the giant cockroach!
Your Stealth skill increases to level 2!
The hobgoblin misses you.
You hit the hobgoblin but do no damage. The hobgoblin misses you.
You hit the hobgoblin.
The hobgoblin hits you but does no damage.
You barely miss the hobgoblin. The hobgoblin misses you.
You hit the hobgoblin. The hobgoblin hits you.
You take 2 damage, and have 7/9 hp.
MASSIVE DAMAGE!!
You closely miss the hobgoblin. The hobgoblin hits you.
You take 4 damage, and have 3/9 hp.
MASSIVE DAMAGE!!
You hit the hobgoblin.
You kill the hobgoblin!
You start resting.
A jackal comes into view.
A jackal is nearby!
A jackal is nearby!
A jackal is nearby!
Unknown command.
The jackal barks!
A jackal comes into view.
The jackal completely misses you.
You hit the jackal. The jackal closely misses you.
You hit the jackal. The jackal bites you. The jackal misses you.
You take 1 damage, and have 3/9 hp.
You completely miss the jackal. The jackal bites you.
* * * LOW HITPOINT WARNING * * *
The jackal bites you.
* * * LOW HITPOINT WARNING * * *
You take 2 damage, and have 1/9 hp.
MASSIVE DAMAGE!!
You hit the jackal.
You kill the jackal!
The jackal bites you.
You die...

##.≈.≈##.................
##..≈###..##............#
#..##.....##............#
#####
#.#...###..##............#
<...#
##.#.##[##...#####.########
....###.####≈#.#...#####.#
≈≈##.#...#.#.#.#..........
..#.#.###.#.#.##h#..####.##
##.####..#####.#@##.#
#.#..... .#.†#.# #..≈.#.#
.##.#.. ### ## ## .# .. ..
.. ... .... ....# ....#


You could see a jackal.

Vanquished Creatures
  A leopard gecko (D:1)
  A giant cockroach (D:1)
  A hobgoblin (D:1)
  A jackal (D:1)
4 creatures vanquished.

Notes
Turn   | Place    | Note
-------+----------+-------------------------------------------
     0 | D:1      | mhoghedin the Spriggan Artificer began the quest for the Orb.
     0 | D:1      | Reached XP level 1. HP: 9/9 MP: 4/4
    44 | D:1      | Reached skill level 2 in Stealth
    97 | D:1      | HP: 2/9 [jackal (1)]
    98 | D:1      | Slain by a jackal

Vault maps used:
D:1:      dpeg_arrival_brainrot

Skill      XL: |  1 |
---------------+----+-----
Stealth        | 2 |  2.3
Fighting       | |  0.7
Short Blades   | |  1.6
Dodging        | |  3.0
Evocations     | |  4.0

Action                   || total
-------------------------++-------
Melee: Short sword       ||    15
 Stab: Sleeping          ||     1
Armor: Robe              ||     2
Dodge: Dodged            ||    12

Table legend:
 A = Spawn XP
 B = Non-spawn XP
 C = Spawn XP percentage of total XP
 D = Spawn monster count
 E = Non-spawn monster count
 F = Spawn count percentage of total count
 G = Total turns spent on level
                    A         B        C        D         E        F      G
               +---------+---------+-------+---------+---------+-------+---------
         Total |       0 |       9 |   0.0 |       0 |       4 |   0.0 |    98
               +---------+---------+-------+---------+---------+-------+---------
           D:1 |       0 |       9 |   0.0 |       0 |       4 |   0.0 |    98
               +---------+---------+-------+---------+---------+-------+---------

Vault maps used:
D:1:      dpeg_arrival_brainrot

Table legend:
 A = Turns spent in this place as a percentage of turns spent in the entire game.
 B = Non-inter-level travel turns spent in this place as a percentage of non-inter-level travel turns spent in the entire game.
 C = Inter-level travel turns spent in this place as a percentage of turns spent in this place.
 D = Turns resting spent in this place as a percentage of non-inter-level travel turns spent in this place.
 E = Turns spent auto-exploring this place as a percentage of non-inter-level travel turns spent in this place.
 F = Non-inter-level travel turns spent in this place divided by the number of levels of this place that you've seen.
                   A       B       C       D       E      F
               +-------+-------+-------+-------+-------+----------------------
         Total | 100.0 | 100.0 |   0.0 |  23.5 |  32.7 |  98.0
       Dungeon | 100.0 | 100.0 |   0.0 |  23.5 |  32.7 |  98.0
               +-------+-------+-------+-------+-------+----------------------

Table legend:
 A = Kills in this place as a percentage of kills in entire the game.
 B = Kills by you in this place as a percentage of kills by you in the entire game.
 C = Kills by friends in this place as a percentage of kills by friends in the entire game.
 D = Other kills in this place as a percentage of other kills in the entire game.
 E = Experience gained in this place as a percentage of experience gained in the entire game.
 F = Experience gained in this place divided by the number of levels of this place that you have seen.
                   A       B       C       D       E      F
               +-------+-------+-------+-------+-------+----------------------
         Total | 100.0 | 100.0 |   N/A |   N/A | 100.0 |   9.0
       Dungeon | 100.0 | 100.0 |   N/A |   N/A | 100.0 |   9.0
               +-------+-------+-------+-------+-------+----------------------
